[Event "Team 45 45 League T70"]
[Site "Internet Chess Club"]
[Date "2016.09.27"]
[Round "3"]
[White "zap2"]
[Black "Hal2001"]
[Result "1-0"]
[WhiteElo "1752"]
[BlackElo "1579"]
[Opening "Robatsch (modern) defense"]
[ECO "B06"]
[Time "08:11:18"]
[TimeControl "2700+45"]

1. e4 g6 2. Nf3 Bg7 3. g3 c5 4. Bg2 Nc6 5. O-O d6 6. c3 Nf6 7. d3 O-O 8. Nbd2
Re8 9. h3 e5 10. Ne1 Nh5 11. Nc4 f5 12. exf5 Nf6 13. fxg6 hxg6 14. Bg5 Kf7 15.
Bd5+ Ke7 16. h4 Bh3 17. Ng2 Rf8 18. Re1 Kd7 19. Qa4 Kc7 20. Nge3 Qd7 21. Nd2 a6
22. Ne4 Be6 23. Bxf6 Bxf6 24. b4 b5 25. Qa3 Qe7 26. bxc5 dxc5 27. Bxe6 Qxe6 28.
Nxc5 Qc8 29. Nd5+ Kd8 30. Ne4 Be7 31. Nxe7 Nxe7 32. Qd6+ Qd7 33. Qxe5 Qf5 34.
Qxf5 gxf5 35. Ng5 Rg8 36. Re5 Rc8 37. Rae1 Re8 38. Nh7 Rc7 39. Nf6 Rf8 40. Nd5
Nxd5 41. Rxd5+ Kc8 42. Rc1 Re7 43. a3 Re2 44. c4 bxc4 45. dxc4 Ra2 46. Ra5 Re8
47. Rxf5 Rxa3 48. Rf7 a5 49. h5 a4 50. Rc2 Ra1+ 51. Kg2 Ree1 52. Ra7 Rg1+ 53.
Kf3 Ra3+ 54. Kg4 Rh1 55. c5 Rh2 56. c6 Ra1 57. Re2 {Black resigns} 1-0

[Event "Team 45 45 League T70"]
[Site "Internet Chess Club"]
[Date "2016.09.22"]
[Round "3"]
[White "mongmong"]
[Black "tuantuan"]
[Result "1-0"]
[WhiteElo "1482"]
[BlackElo "1392"]
[Opening "Grünfeld: Three knights variation"]
[ECO "D90"]
[Time "19:04:19"]
[TimeControl "2700+45"]

1. d4 Nf6 2. Nf3 g6 3. c4 Bg7 4. Nc3 d5 5. g3 O-O 6. Bg2 Bf5 7. Qb3 b6 8. Nh4
Be4 9. Nxe4 dxe4 10. Bd2 Nbd7 11. Bh3 c5 12. Bxd7 Qxd7 13. dxc5 bxc5 14. Be3
Rac8 15. O-O Qh3 16. f3 Qe6 17. Bf4 exf3 18. exf3 Nh5 19. Rfe1 Qf6 20. Be5 Qc6
21. Bxg7 Nxg7 22. Rxe7 Rb8 23. Qc3 a6 24. Re3 Qb6 25. b3 Rfd8 26. Rae1 Ne6 27.
Qf6 Rd6 28. Ng2 Ng7 29. Qb2 Rdd8 30. Nf4 Nf5 31. Re4 Nd4 32. Kg2 a5 33. Nd5 Qb7
34. Re7 Qc6 35. Qd2 a4 36. Qf4 f5 37. Qe5 {Black resigns} 1-0

[Event "Team 45 45 League T70"]
[Site "Internet Chess Club"]
[Date "2016.09.23"]
[Round "3"]
[White "bunny77"]
[Black "smsxman"]
[Result "0-1"]
[WhiteElo "1246"]
[BlackElo "1390"]
[Opening "Ruy Lopez: old Steinitz defense"]
[ECO "C62"]
[Time "23:00:21"]
[TimeControl "2700+45"]

1. e4 e5 2. Nf3 Nc6 3. Bb5 d6 4. O-O Be7 5. c3 Bd7 6. d4 exd4 7. cxd4 Nf6 8. Nc3
O-O 9. Bf4 a6 10. Bc4 Na5 11. Bd3 Nc6 12. e5 dxe5 13. dxe5 Nh5 14. Qd2 Nxf4 15.
Qxf4 Nb4 16. Be4 Nc6 17. Qg3 f6 18. Rad1 Qc8 19. Nd5 fxe5 20. Nxe7+ Nxe7 21.
Nxe5 Bc6 22. Nxc6 Nxc6 23. Qh4 g6 24. Qg3 Ne7 25. Qe5 Re8 26. Bd3 b5 27. a4 c6
28. Bc2 Nd5 29. Qd4 Qb7 30. Bb3 Rad8 31. h3 Qg7 32. Qb4 Kh8 33. Qd4 Qxd4 34.
Rxd4 Rf8 35. axb5 axb5 36. Rfd1 Rf5 37. g4 Rf3 38. R1d3 Rxd3 39. Rxd3 Kg7 40.
Bxd5 Rxd5 41. Rxd5 cxd5 42. Kf1 Kf6 43. Ke1 Ke5 44. Kd2 Kf4 45. Ke2 Ke4 46. f3+
Kd4 47. Kd2 Kc4 48. f4 Kc5 49. Kd3 b4 50. f5 gxf5 51. gxf5 Kd6 52. Kd4 h5 53. h4
b3 54. f6 Ke6 55. f7 Kxf7 56. Kxd5 Kf6 57. Kc4 Kf5 58. Kxb3 Kg4 59. Ka4 Kxh4 60.
b4 Kg5 61. b5 h4 62. b6 h3 63. b7 h2 64. b8=Q h1=Q 65. Qe5+ Kg6 66. Qe4+ Qxe4+
{White resigns} 0-1

[Event "Team 45 45 League T70"]
[Site "Internet Chess Club"]
[Date "2016.09.24"]
[Round "3"]
[White "dabodhi"]
[Black "liujf"]
[Result "0-1"]
[WhiteElo "1325"]
[BlackElo "1313"]
[Opening "Scotch gambit"]
[ECO "C44"]
[Time "20:06:52"]
[TimeControl "2700+45"]

1. e4 e5 2. Nf3 Nc6 3. d4 exd4 4. Bc4 Bc5 5. c3 dxc3 6. Bxf7+ Kxf7 7. Qd5+ Ke8
8. Qxc5 Nge7 9. Qxc3 Kf7 10. Ng5+ Kf8 11. Qf3+ Nf5 12. Qxf5+ Qf6 13. Nxh7+ Rxh7
14. Qxh7 Nb4 15. Qf5 Qxf5 16. exf5 Nc2+ 17. Kd2 Nxa1 18. b3 d6 19. g4 g6 20. Na3
gxf5 21. g5 Nxb3+ 22. axb3 Be6 23. b4 a5 24. Kc3 axb4+ 25. Kxb4 c5+ 26. Kc3 Ra5
27. Nc4 Ra4 28. Nxd6 b6 29. Be3 Ke7 30. Nb5 Kd7 31. Kc2 Ra2+ 32. Kd3 Ra4 33. g6
Bc4+ 34. Kc3 Bxb5 35. g7 Bc4 36. Rg1 Bg8 37. Rg6 b5 38. Bxc5 Rc4+ 39. Kd3 Rxc5
40. Rf6 Ke7 41. Rf8 Bh7 42. g8=Q Bxg8 43. Rxg8 Rc7 44. Rg7+ Kd6 45. Rxc7 Kxc7
46. h4 Kd7 47. h5 Ke7 48. h6 Kf7 49. h7 Kg7 50. h8=Q+ Kxh8 51. Kc3 Kg7 52. Kb4
Kg6 53. Kxb5 Kg5 54. Kc4 Kf4 55. Kd3 Kf3 56. Kd2 Kxf2 57. Kd1 f4 58. Kd2 f3 59.
Kd1 Kg2 60. Ke1 f2+ {White resigns} 0-1

[Event "Team 45 45 League T70"]
[Site "Internet Chess Club"]
[Date "2016.10.01"]
[Round "3"]
[White "herrahuu"]
[Black "Zyme"]
[Result "1-0"]
[WhiteElo "1459"]
[BlackElo "1415"]
[Opening "King's Indian: 6.Be2"]
[ECO "E91"]
[Time "07:00:45"]
[TimeControl "2700+45"]

1. d4 Nf6 2. c4 g6 3. Nc3 Bg7 4. e4 d6 5. Nf3 O-O 6. Be2 Re8 7. O-O e5 8. d5 Na6
9. Rb1 Nh5 10. Re1 f5 11. Ng5 h6 12. Bxh5 hxg5 13. Bxg6 Rf8 14. Qh5 Rf6 15. Bxg5
Nc5 16. Bxf6 Qxf6 17. exf5 Nd3 18. Re3 Nf4 19. Qg4 Nxg6 20. Qxg6 Bxf5 21. Qxf6
Bxf6 22. Rbe1 Kf7 23. Rf3 Bg4 24. Rg3 Bh5 25. Ne4 Be7 26. Ng5+ Kf6 27. Ne6 c5
28. Ree3 Kf5 29. Ng7+ {Black resigns} 1-0

[Event "Team 45 45 League T70"]
[Site "Internet Chess Club"]
[Date "2016.09.22"]
[Round "3"]
[White "BrerRabbit"]
[Black "JRussell2"]
[Result "1-0"]
[WhiteElo "1408"]
[BlackElo "1266"]
[Opening "Dutch"]
[ECO "A80"]
[Time "15:00:58"]
[TimeControl "2700+45"]

1. d4 f5 2. Bf4 e6 3. e3 Nf6 4. Nf3 Be7 5. c4 d6 6. h3 O-O 7. Nc3 c5 8. Qc2 e5
9. dxe5 dxe5 10. Bxe5 Qa5 11. O-O-O Nc6 12. Bd6 Ne4 13. Bxe7 Nxe7 14. Kb1 Nxc3+
15. Qxc3 Qc7 16. Be2 Nc6 17. a3 Be6 18. Rd2 Rad8 19. Rhd1 Rxd2 20. Rxd2 Bf7 21.
Ng5 Bg6 22. f4 Re8 23. Rd3 h6 24. Nf3 Qe7 25. Nd2 Nd4 26. Bf3 Nxf3 27. Nxf3 Bh7
28. Ne5 Rd8 29. Qd2 Rxd3 30. Qxd3 g5 31. g3 gxf4 32. exf4 Qxe5 33. fxe5 f4 34.
Qxh7+ Kxh7 35. gxf4 Kg6 36. Kc2 Kf5 37. Kd3 h5 38. Ke3 a5 39. Kf3 a4 40. Kg3 b6
41. Kf3 h4 42. Ke3 Ke6 43. Ke4 Ke7 44. Kd5 Kd7 45. f5 Kc7 46. Ke6 Kd8 47. Kf7
{Black resigns} 1-0

[Event "Team 45 45 League T70"]
[Site "Internet Chess Club"]
[Date "2016.09.26"]
[Round "3"]
[White "PsyMar"]
[Black "artspir"]
[Result "1-0"]
[WhiteElo "1375"]
[BlackElo "1163"]
[Opening "Caro-Kann: Panov-Botvinnik attack"]
[ECO "B13"]
[Time "10:00:30"]
[TimeControl "2700+45"]

1. e4 c6 2. d4 d5 3. exd5 cxd5 4. c4 Nf6 5. Nc3 Bf5 6. c5 e6 7. Nf3 Nbd7 8. Bb5
a6 9. Ba4 Be7 10. O-O O-O 11. Bf4 b5 12. cxb6 Nxb6 13. Bc2 Bxc2 14. Qxc2 Ng4 15.
Rfe1 Rc8 16. Qd3 Nc4 17. b3 Na3 18. Rac1 Nb5 19. Nxb5 axb5 20. Qxb5 Bd6 21. Bxd6
Qxd6 22. Rxc8 Rxc8 23. h3 Nf6 24. g4 h6 25. a4 Ne4 26. Kg2 Rc2 27. Re2 Nc3 28.
Qe8+ Kh7 29. Rxc2 Ne4 30. Ne5 Qb4 31. Rc8 {Black resigns} 1-0

[Event "Team 45 45 League T70"]
[Site "Internet Chess Club"]
[Date "2016.09.25"]
[Round "3"]
[White "cityprosecutor"]
[Black "Capt-Morgan"]
[Result "0-1"]
[WhiteElo "1743"]
[BlackElo "1933"]
[Opening "French: King's Indian attack"]
[ECO "C00"]
[Time "19:09:28"]
[TimeControl "2700+45"]

1. e4 e6 2. d3 d5 3. Nd2 Nf6 4. f4 c5 5. g3 Nc6 6. Bg2 Be7 7. Ngf3 O-O 8. O-O d4
9. Qe2 Qc7 10. Nc4 b5 11. Nce5 Bb7 12. g4 Nd7 13. Nxd7 Qxd7 14. g5 g6 15. h4 a5
16. Nh2 f5 17. gxf6 Bxf6 18. h5 e5 19. hxg6 hxg6 20. Ng4 Bg7 21. Bh3 Qe7 22. Qe1
exf4 23. Bxf4 Nb4 24. Qg3 Ra6 25. Nh6+ Kh7 26. Bg5 Bf6 27. Nf5 gxf5 28. Bxf5+
Kh8 29. Qh3+ Kg8 30. Bh6 Bg7 31. Kf2 Rxh6 32. Qg3 Nxc2 33. Rh1 Rxh1 34. Rxh1
Rxf5+ 35. exf5 Bxh1 {White resigns} 0-1

[Event "Team 45 45 League T70"]
[Site "Internet Chess Club"]
[Date "2016.09.23"]
[Round "3"]
[White "RD1974"]
[Black "elessar"]
[Result "0-1"]
[WhiteElo "1709"]
[BlackElo "1711"]
[Opening "Sicilian: closed"]
[ECO "B23"]
[Time "18:03:51"]
[TimeControl "2700+45"]

1. e4 c5 2. Nc3 e6 3. d3 d5 4. Nf3 d4 5. Ne2 Nc6 6. Bf4 Bd6 7. e5 Bc7 8. Ng3 f5
9. Qe2 h6 10. h4 Ba5+ 11. Nd2 Nb4 12. Qh5+ Kf8 13. O-O-O Nxa2+ 14. Kb1 Nc3+ 15.
bxc3 Bxc3 16. Nc4 Ne7 17. Bg5 Qe8 18. Qxe8+ Kxe8 19. Nd6+ Kd7 20. Bd2 Nd5 21.
Ne2 b5 22. Bxc3 dxc3 23. g3 Rb8 24. Bg2 b4 25. Bxd5 exd5 26. f4 h5 27. Nc1 Rb6
28. Nb3 Rc6 29. Rhe1 Ke6 30. d4 c4 31. Nc5+ Rxc5 32. dxc5 Bd7 33. Nxf5 Kxf5 34.
Rxd5 Be6 35. Rd6 Rc8 36. c6 a5 37. Red1 a4 38. c7 Rxc7 39. Ra6 Rd7 40. Rdd6 Rxd6
41. Rxd6 a3 42. Ra6 Bd5 43. Ra4 a2+ 44. Kxa2 b3+ 45. Kb1 Kg4 46. Ra7 Kf3 47. f5
Be4 48. e6 Bxc2+ 49. Kc1 Bxf5 50. Rb7 b2+ 51. Rxb2 cxb2+ 52. Kxb2 Bxe6 53. Kc3
Kxg3 {White resigns} 0-1

[Event "Team 45 45 League T70"]
[Site "Internet Chess Club"]
[Date "2016.09.26"]
[Round "3"]
[White "noblitz-oblige"]
[Black "Constrictor"]
[Result "1/2-1/2"]
[WhiteElo "1480"]
[BlackElo "1534"]
[Opening "Caro-Kann: exchange variation"]
[ECO "B13"]
[Time "20:00:35"]
[TimeControl "2700+45"]

1. e4 c6 2. d4 d5 3. exd5 cxd5 4. Nf3 Bg4 5. Be2 Nc6 6. O-O e6 7. Nc3 Bb4 8. Ne5
Bxe2 9. Nxe2 Nf6 10. Ng3 O-O 11. c3 Be7 12. Re1 Rc8 13. Qb3 b6 14. Qa4 Na5 15.
Bd2 Qe8 16. Qd1 Nc4 17. Nxc4 Rxc4 18. Qe2 Qb8 19. Nf5 Bd6 20. Nxd6 Qxd6 21. f3
Re8 22. Qe5 Qxe5 {Game drawn by mutual agreement} 1/2-1/2

[Event "Team 45 45 League T70"]
[Site "Internet Chess Club"]
[Date "2016.09.24"]
[Round "3"]
[White "calsal"]
[Black "Invicta-Knight"]
[Result "1-0"]
[WhiteElo "1803"]
[BlackElo "1658"]
[Opening "Blackmar gambit"]
[ECO "B01"]
[Time "10:10:07"]
[TimeControl "2700+45"]

1. e4 d5 2. d4 dxe4 3. Nc3 Nf6 4. f3 exf3 5. Nxf3 Bg4 6. h3 Bh5 7. g4 Bg6 8. Ne5
e6 9. Bg2 c6 10. h4 h6 11. Nxg6 fxg6 12. Qd3 Qe7 13. g5 Nd5 14. Rf1 Nd7 15.
Qxg6+ Kd8 16. Rf7 Qd6 17. Ne4 {Black resigns} 1-0

[Event "Team 45 45 League T70"]
[Site "Internet Chess Club"]
[Date "2016.09.24"]
[Round "3"]
[White "parrot9"]
[Black "Yedixon"]
[Result "1-0"]
[WhiteElo "1706"]
[BlackElo "1718"]
[Opening "King's gambit"]
[ECO "C30"]
[Time "13:17:58"]
[TimeControl "2700+45"]

1. e4 e5 2. f4 Nc6 3. Nf3 d6 4. Bc4 Bg4 5. c3 Nf6 6. d3 a6 7. Bb3 Nh5 8. f5 Be7
9. O-O Nf6 10. h3 Bxf3 11. Qxf3 Qd7 12. Be3 Na5 13. Bc2 d5 14. d4 Qb5 15. b4 Nc4
16. a4 Qc6 17. exd5 Nxd5 18. Bf2 O-O-O 19. Be4 Bf6 20. b5 Qd6 21. bxa6 bxa6 22.
Rd1 Ne7 23. Bb7+ Kb8 24. Nd2 Nxd2 25. Rxd2 Qb6 26. Rdd1 c6 27. Rdb1 Kxb7 28.
Rxb6+ Kxb6 29. dxe5+ {Black resigns} 1-0

[Event "Team 45 45 League T70"]
[Site "Internet Chess Club"]
[Date "2016.09.25"]
[Round "3"]
[White "mongmong"]
[Black "az2112"]
[Result "1/2-1/2"]
[WhiteElo "1488"]
[BlackElo "1624"]
[Opening "Queen's pawn game"]
[ECO "D04"]
[Time "09:00:47"]
[TimeControl "2700+45"]

1. d4 d5 2. Nf3 Nf6 3. e3 Bg4 4. c4 c6 5. Nbd2 e6 6. Be2 Be7 7. O-O O-O 8. Ne5
Bxe2 9. Qxe2 Nbd7 10. Nd3 b6 11. b3 Rc8 12. Bb2 c5 13. dxc5 bxc5 14. Rfc1 Qb6
15. Rc2 Rc7 16. Rac1 Rfc8 17. Ne5 Qd6 18. Nxd7 Qxd7 19. Nf3 Ne4 20. Nd2 Nf6 21.
Nf3 Ne4 22. Nd2 Nf6 23. Nf3 {Game drawn by repetition} 1/2-1/2

[Event "Team 45 45 League T70"]
[Site "Internet Chess Club"]
[Date "2016.09.23"]
[Round "3"]
[White "crazyhorses"]
[Black "BrerRabbit"]
[Result "0-1"]
[WhiteElo "1378"]
[BlackElo "1423"]
[Opening "Pirc: Ufimtsev-Pytel variation"]
[ECO "B07"]
[Time "15:01:25"]
[TimeControl "2700+45"]

1. e4 d6 2. d4 Nf6 3. Nc3 c6 4. Nf3 Bg4 5. h3 Bh5 6. Qe2 e6 7. g4 Bg6 8. h4 h5
9. g5 Nfd7 10. Be3 d5 11. Nd2 Qb6 12. b3 Bb4 13. Na4 Qa5 14. f3 dxe4 15. f4 Qd5
16. a3 Be7 17. Qc4 Nb6 18. Nxb6 axb6 19. a4 b5 20. Qxd5 exd5 21. Bh3 f5 22. c4
bxa4 23. cxd5 cxd5 24. bxa4 b5 25. O-O Rxa4 26. Rxa4 bxa4 27. Ra1 a3 28. Nb3 O-O
29. Nc5 Kf7 30. Rxa3 Rd8 31. Bf1 Nd7 32. Nb7 Bxa3 33. Nxd8+ Ke7 34. Nc6+ Kd6 35.
Ne5 Nxe5 36. fxe5+ Ke6 37. Bb5 Bb2 38. Bf1 Bf7 39. Bh3 g6 40. Kf2 Be8 41. Ke2
Bc3 42. Kf2 Bb5 43. Kg3 Be1+ 44. Bf2 Bc3 45. Be3 Be1+ 46. Bf2 Bd2 47. Kg2 Ke7
48. Bg3 Be3 49. Bf2 Bd2 50. Bg3 Bd7 51. Kf2 f4 52. Ke2 Bxh3 {White resigns} 0-1

[Event "Team 45 45 League T70"]
[Site "Internet Chess Club"]
[Date "2016.09.22"]
[Round "3"]
[White "FrankNautilus"]
[Black "RUPIS"]
[Result "1-0"]
[WhiteElo "1648"]
[BlackElo "1709"]
[Opening "French: Winawer, advance, Bogolyubov variation"]
[ECO "C17"]
[Time "14:00:10"]
[TimeControl "2700+45"]

1. e4 e6 2. d4 d5 3. Nc3 Bb4 4. e5 c5 5. Bd2 Nh6 6. Nb5 Bxd2+ 7. Qxd2 O-O 8. f4
a6 9. Nd6 cxd4 10. Nf3 f6 11. Bd3 Nc6 12. O-O Ng4 13. Qe2 Ne3 14. Rf2 fxe5 15.
fxe5 g6 16. Nxd4 Rxf2 17. Qxf2 Nxe5 18. Qxe3 Qxd6 19. Qg3 Nc4 20. Qxd6 Nxd6 21.
Nf3 Bd7 22. Re1 Re8 23. Kf2 Nf7 24. c4 Bc6 25. Nd4 e5 26. Nxc6 bxc6 27. cxd5
cxd5 28. Bxa6 Ra8 29. Bb7 Rxa2 30. Bxd5 Rxb2+ 31. Kg3 Rb5 32. Rd1 h6 33. Bc4 Rc5
34. Be6 Rc6 35. Ba2 Ra6 36. Bc4 Ra3+ 37. Kf2 Rc3 38. Be6 Rc6 39. Bd5 Rf6+ 40.
Kg3 Kg7 41. Re1 Rf5 42. Rc1 Kf6 43. Rc6+ Kg5 44. h4+ Kh5 45. Bc4 {Black resigns}
1-0

[Event "Team 45 45 League T70"]
[Site "Internet Chess Club"]
[Date "2016.09.24"]
[Round "3"]
[White "bayoumicardio10"]
[Black "andrew37"]
[Result "0-1"]
[WhiteElo "1647"]
[BlackElo "1746"]
[Opening "French: King's Indian attack"]
[ECO "C00"]
[Time "18:01:04"]
[TimeControl "2700+45"]

1. e4 e6 2. d3 d5 3. Nd2 Nc6 4. g3 Nf6 5. Bg2 dxe4 6. dxe4 e5 7. Ngf3 Bc5 8. O-O
O-O 9. Qe2 Bg4 10. h3 Bh5 11. Qb5 Qe7 12. Qxb7 Nb4 13. Qb5 Nxc2 14. Rb1 Rab8 15.
Qc4 Nd4 16. Nxd4 Bxd4 17. Nb3 Rb4 18. Qd3 Rd8 19. Nxd4 Rbxd4 20. Qc3 Be2 21. Re1
Bd3 22. Ra1 Bxe4 23. Be3 Rd3 24. Qa5 Bxg2 25. Kxg2 Nd5 26. Qxa7 Qf6 27. h4 Qc6
28. Kg1 Nxe3 29. Rxe3 Rd1+ 30. Re1 R1d2 31. Rxe5 Rd1+ 32. Re1 R1d3 33. Rac1 Qf3
34. Qxc7 Rd2 35. Qb6 h6 36. a4 R8d4 37. Rc3 Qxf2+ 38. Kh1 Qxe1# {White
checkmated} 0-1

[Event "Team 45 45 League T70"]
[Site "Internet Chess Club"]
[Date "2016.09.26"]
[Round "3"]
[White "QuieroAprender"]
[Black "pokerram"]
[Result "1-0"]
[WhiteElo "1661"]
[BlackElo "1559"]
[Opening "Sicilian: Grand Prix attack"]
[ECO "B21"]
[Time "16:19:53"]
[TimeControl "2700+45"]

1. e4 c5 2. f4 d5 3. Bb5+ Nc6 4. e5 Bf5 5. Nf3 e6 6. d4 c4 7. Bxc6+ bxc6 8. c3
Qb6 9. O-O Ne7 10. Ne1 h5 11. h3 h4 12. Nd2 a5 13. a3 a4 14. Nc2 Bxc2 15. Qxc2
Nf5 16. Nf3 Be7 17. Ng5 c5 18. Nf3 cxd4 19. cxd4 Nxd4 20. Nxd4 Bc5 21. Be3 Bxd4
22. Bxd4 Qxd4+ 23. Kh2 Qc5 24. f5 O-O 25. f6 Qd4 26. Rae1 Qd3 27. Qf2 Qg3+ 28.
Qxg3 hxg3+ 29. Kxg3 Rab8 30. Re3 Rxb2 31. Rf4 Rb3 32. Kf2 Rxe3 33. Kxe3 Rb8 34.
Rg4 g6 35. h4 Rb3+ 36. Kd4 Rxa3 37. h5 Rb3 38. hxg6 fxg6 39. Rxg6+ Kf8 40. Rh6
Rg3 41. Rh8+ Rg8 42. Rh7 a3 43. Ra7 Rg4+ 44. Kc5 c3 45. Kd6 Rb4 46. Kxe6 Rb8 47.
Rxa3 Rc8 48. Kxd5 c2 49. Rh3 Kg8 50. Rh1 Rd8+ 51. Ke6 Rd1 52. f7+ Kg7 53. Rh8
Rf1 54. Rg8+ Kh7 55. Rc8 Kg7 56. Rxc2 Rxf7 57. Rd2 Kg6 58. Rd3 Ra7 59. Rg3+ Kh5
60. Kf6 Kh4 61. Rg8 Ra2 62. e6 Rf2+ 63. Ke7 Kh5 64. Rf8 Re2 65. Kd7 Rd2+ 66. Ke8
Re2 67. e7 Kg5 68. Rf3 Ra2 69. Kf8 {Black resigns} 1-0

[Event "Team 45 45 League T70"]
[Site "Internet Chess Club"]
[Date "2016.09.25"]
[Round "3"]
[White "Megasus"]
[Black "Innes"]
[Result "1/2-1/2"]
[WhiteElo "1470"]
[BlackElo "1529"]
[Opening "Queen's pawn game"]
[ECO "D02"]
[Time "17:00:21"]
[TimeControl "2700+45"]

1. Nf3 d5 2. d4 c6 3. h3 Nf6 4. Nbd2 e6 5. a3 Nbd7 6. e3 c5 7. b3 cxd4 8. exd4
a6 9. c4 b6 10. Qc2 Bb7 11. Bb2 Rc8 12. Rc1 Be7 13. Bd3 O-O 14. Qb1 dxc4 15.
bxc4 h6 16. O-O Re8 17. Rfe1 Bd6 18. Ne5 Bb8 19. Ne4 Qc7 20. Nxf6+ gxf6 21. Ng4
h5 22. Nh6+ Kg7 23. Nxf7 Qh2+ 24. Kf1 Qxg2+ 25. Ke2 Qf3+ 26. Kd2 Bf4+ 27. Kc2
Rxc4+ 28. Bxc4 Be4+ 29. Rxe4 Qxe4+ 30. Bd3 Qc6+ 31. Kd1 Bxc1 32. Bxc1 Qf3+ 33.
Ke1 Rc8 34. Nd6 Rxc1+ 35. Qxc1 Qxd3 36. Qc7 Qb1+ 37. Ke2 Qb2+ 38. Kf3 Qxa3+ 39.
Kg2 Qa4 40. Nc4 Kg6 41. Qg3+ Kf7 42. Nd6+ Ke7 43. Nc8+ Kd8 44. Qg8+ Kc7 45. Ne7
Kd6 46. Nc8+ Kc7 47. Ne7 Kd6 48. Nc8+ {Game drawn by mutual agreement} 1/2-1/2

[Event "Team 45 45 League T70"]
[Site "Internet Chess Club"]
[Date "2016.09.25"]
[Round "3"]
[White "tcao2005"]
[Black "VictorRed"]
[Result "1/2-1/2"]
[WhiteElo "1575"]
[BlackElo "1701"]
[Opening "Sicilian: Labourdonnais-Löwenthal variation"]
[ECO "B32"]
[Time "11:01:31"]
[TimeControl "2700+45"]

1. e4 c5 2. Nf3 Nc6 3. d4 cxd4 4. Nxd4 e5 5. Nxc6 bxc6 6. Bc4 Nf6 7. Nc3 Bb4 8.
Bg5 Bxc3+ 9. bxc3 Qa5 10. O-O Nxe4 11. Bd2 d5 12. Bd3 Nxd2 13. Qxd2 d4 14. Qg5
O-O 15. cxd4 f6 16. Qh5 g6 17. Bxg6 hxg6 18. Qxg6+ {Game drawn by mutual
agreement} 1/2-1/2

[Event "Team 45 45 League T70"]
[Site "Internet Chess Club"]
[Date "2016.09.25"]
[Round "3"]
[White "kabindra"]
[Black "moodle"]
[Result "1-0"]
[WhiteElo "1737"]
[BlackElo "1558"]
[Opening "Scandinavian: Marshall variation"]
[ECO "B01"]
[Time "16:04:45"]
[TimeControl "2700+45"]

1. e4 d5 2. exd5 Nf6 3. d4 Nxd5 4. c4 Nb6 5. h3 g6 6. Nf3 Bg7 7. Be3 Nc6 8. Nc3
O-O 9. Qd2 Bf5 10. a3 Re8 11. Be2 e5 12. d5 Na5 13. Qd1 Naxc4 14. Bxb6 Nxb6 15.
O-O Qe7 16. Qb3 Rad8 17. Rad1 Qd7 18. Bb5 Qe7 19. Bxe8 Qxe8 20. Rfe1 f6 21. Nd4
Bd7 22. d6+ Kh8 23. dxc7 Rc8 24. Ncb5 Qg8 25. Qxg8+ Kxg8 26. Nxa7 Rxc7 27. Ndb5
Rc2 28. Rd6 Bxb5 29. Nxb5 Nc4 30. Rd8+ Bf8 31. b3 Na5 32. b4 Nc4 33. Red1 Nb6
34. Rb8 Rc8 35. Rxc8 Nxc8 36. Rd8 Ne7 37. Rb8 Kf7 38. Rxb7 Ke6 39. a4 h6 40. a5
Nd5 41. a6 Bxb4 42. a7 {Black resigns} 1-0

[Event "Team 45 45 League T70"]
[Site "Internet Chess Club"]
[Date "2016.09.25"]
[Round "3"]
[White "bluesun"]
[Black "Heian"]
[Result "0-1"]
[WhiteElo "1488"]
[BlackElo "1633"]
[Opening "Giuoco Piano: LaBourdonnais variation"]
[ECO "C53"]
[Time "16:14:39"]
[TimeControl "2700+45"]

1. e4 e5 2. Nf3 Nc6 3. Bc4 Bc5 4. c3 d6 5. d4 exd4 6. cxd4 Bb6 7. d5 Nb8 8. Nc3
Bg4 9. O-O Qf6 10. Qa4+ Nd7 11. Be3 Bxf3 12. gxf3 Qxf3 13. Bxb6 cxb6 14. Nb5 Nc5
15. Nxd6+ Ke7 16. Qd1 Qxd1 17. Nf5+ Kf6 18. Raxd1 Nxe4 19. Ne3 Nd6 20. Bb3 h5
21. Rfe1 Ne7 22. Nc4 Nef5 23. Ne3 Rae8 24. Bc2 Nxe3 25. fxe3 Ke5 26. e4 Rh6 27.
Rd2 Rg6+ 28. Rg2 Rxg2+ 29. Kxg2 Rc8 30. Re2 Rc4 31. Kf3 Nb5 32. Bd3 Nd4+ 33. Ke3
Nxe2 34. Bxc4 Nf4 35. d6 Ne6 36. d7 Nd8 37. Bb3 Kd6 38. Ba4 a6 39. Kd4 b5 40.
Bd1 Nc6+ 41. Ke3 g6 42. Bb3 Nd8 43. Kd4 Kxd7 44. Ke5 Ke7 45. Bd5 f6+ 46. Kf4 Kd6
47. h4 Ne6+ 48. Ke3 b6 49. Bxe6 Kxe6 50. Kf4 b4 51. Kf3 Ke5 52. Ke3 g5 53. hxg5
fxg5 54. Kf3 g4+ 55. Ke3 h4 56. Kd3 h3 57. Ke3 h2 58. a3 bxa3 59. bxa3 h1=Q 60.
a4 Qxe4+ 61. Kf2 Qxa4 62. Ke3 Qa3+ 63. Kf2 Kf4 64. Kg2 Qa2+ 65. Kf1 g3 66. Kg1
Qf2+ 67. Kh1 g2+ 68. Kh2 g1=Q+ 69. Kh3 Qg4# {White checkmated} 0-1

[Event "Team 45 45 League T70"]
[Site "Internet Chess Club"]
[Date "2016.09.26"]
[Round "3"]
[White "rubo"]
[Black "clarinetref"]
[Result "1-0"]
[WhiteElo "1635"]
[BlackElo "1616"]
[Opening "Modern defense"]
[ECO "A40"]
[Time "22:01:19"]
[TimeControl "2700+45"]

1. d4 g6 2. Nf3 Bg7 3. Bf4 d6 4. h3 Nf6 5. e3 Nbd7 6. Be2 c5 7. c3 Qb6 8. Qb3
O-O 9. Nbd2 cxd4 10. exd4 Re8 11. O-O Nh5 12. Bh2 e5 13. dxe5 dxe5 14. Bc4 Qxb3
15. Bxb3 Nc5 16. Bc4 Bd7 17. Ng5 Ne6 18. Ndf3 Nhf4 19. Rfe1 Nxg5 20. Nxg5 Ne6
21. Nxe6 Bxe6 22. Bxe6 Rxe6 23. Rad1 Rae8 24. Rd7 Rb6 25. Re2 Kf8 26. b3 Rc6 27.
c4 Rb6 28. f3 f6 29. Bg3 Re7 30. Rxe7 Kxe7 31. f4 Re6 32. fxe5 fxe5 33. Kf2 e4
34. Bf4 Kf6 35. Be3 Kf5 36. g4+ Ke5 37. Bxa7 b6 38. Bb8+ Kd4 39. g5 Kd3 40. Bf4
Re7 41. Rd2+ Kc3 42. Ke3 Kb4 43. Bd6+ {Black resigns} 1-0

[Event "Team 45 45 League T70"]
[Site "Internet Chess Club"]
[Date "2016.09.26"]
[Round "3"]
[White "kutch"]
[Black "nosir"]
[Result "0-1"]
[WhiteElo "1500"]
[BlackElo "1533"]
[Opening "QGD semi-Slav: 5...Nd7"]
[ECO "D45"]
[Time "20:01:04"]
[TimeControl "2700+45"]

1. d4 d5 2. c4 c6 3. Nf3 Nf6 4. e3 e6 5. Nc3 Nbd7 6. cxd5 exd5 7. Bd3 Bd6 8. b3
O-O 9. Bb2 Re8 10. O-O Ne4 11. Qc2 Ndf6 12. Nd2 Nxd2 13. Qxd2 Qc7 14. f4 Ne4 15.
Qc2 f5 16. Rac1 Re7 17. b4 Nxc3 18. Qxc3 Rxe3 19. b5 Bxf4 20. Rc2 Bxh2+ 21. Kh1
Qg3 22. Rf3 Rxf3 23. gxf3 Qg1# {White checkmated} 0-1

[Event "Team 45 45 League T70"]
[Site "Internet Chess Club"]
[Date "2016.09.22"]
[Round "3"]
[White "Kingofknights"]
[Black "Aquaman"]
[Result "0-1"]
[WhiteElo "1491"]
[BlackElo "1364"]
[Opening "Modern defense"]
[ECO "A40"]
[Time "20:01:37"]
[TimeControl "2700+45"]

1. d4 g6 2. c4 Bg7 3. e4 c5 4. d5 d6 5. Nc3 Nf6 6. Nf3 Bg4 7. h3 Bxf3 8. Qxf3
O-O 9. Bf4 Nbd7 10. Be2 Nh5 11. Be3 Ne5 {White resigns} 0-1

[Event "Team 45 45 League T70"]
[Site "Internet Chess Club"]
[Date "2016.09.24"]
[Round "3"]
[White "Xbug"]
[Black "SeniorCitizen"]
[Result "0-1"]
[WhiteElo "1046"]
[BlackElo "1211"]
[Opening "King's Indian, 3.Nf3"]
[ECO "E61"]
[Time "17:00:49"]
[TimeControl "2700+45"]

1. d4 Nf6 2. c4 g6 3. Nf3 Bg7 4. Nc3 O-O 5. Bg5 d5 6. cxd5 Re8 7. Bxf6 Bxf6 8.
e3 a6 9. Bd3 Nd7 10. O-O Nb6 11. Qb3 e6 12. dxe6 Bxe6 13. Qc2 Bc4 14. Bxc4 Nxc4
15. Qb3 Nb6 16. Ne2 c6 17. Ng3 Re7 18. Rac1 Qc7 19. Rfd1 Nd5 20. Re1 Qb6 21.
Qxb6 Nxb6 {White resigns} 0-1

[Event "Team 45 45 League T70"]
[Site "Internet Chess Club"]
[Date "2016.09.23"]
[Round "3"]
[White "MarcB"]
[Black "zorori"]
[Result "1-0"]
[WhiteElo "1553"]
[BlackElo "1612"]
[Opening "Ruy Lopez: Anderssen variation"]
[ECO "C77"]
[Time "22:14:06"]
[TimeControl "2700+45"]

1. e4 e5 2. Nf3 Nc6 3. Bb5 a6 4. Ba4 Nf6 5. d3 b5 6. Bb3 h6 7. O-O Bc5 8. h3 d6
9. c3 O-O 10. Re1 Bd7 11. d4 Bb6 12. Be3 exd4 13. cxd4 Ba5 14. Bd2 Bxd2 15.
Nbxd2 Re8 16. Bc2 Re7 17. Nf1 Qe8 18. Ng3 Nb4 19. Bb1 Rd8 20. a3 Nc6 21. Qd3 Na5
22. Qc3 Nc4 23. b3 Nb6 24. Qxc7 Na8 25. Qc2 Rc8 26. Qd3 Nb6 27. Bc2 Rc7 28. Rac1
Qc8 29. e5 dxe5 30. dxe5 Nfd5 31. Qh7+ Kf8 32. Qh8# {Black checkmated} 1-0